 Dungeon Crawl Stone Soup version 0.21-a0-504-g2eda330 (webtiles) character file.

468 tof the Slasher (level 6, -5/48 HPs)
             Began as a Demonspawn Berserker on Nov 26, 2017.
             Was a Believer of Trog.
             Slain by an iguana (14 damage)
             ... on level 6 of the Dungeon.
             The game lasted 00:05:41 (6225 turns).

tof the Slasher (Demonspawn Berserker)              Turns: 6225, Time: 00:05:42

Health: -5/48      AC:  3    Str: 17      XL:     6   Next: 81%
Magic:  6/6        EV: 13    Int:  8      God:    Trog [**....]
Gold:   240        SH:  0    Dex: 15 (17) Spells: 5/5 levels left

rFire    . . .     SeeInvis .   a - +0 falchion
rCold    . . .     Gourm    .   (no shield)
rNeg     . . .     Faith    .   j - +0 leather armour
rPois    .         Spirit   .   (no helmet)
rElec    .         Reflect  .   (no cloak)
rCorr    .         Harm     .   (no gloves)
MR       ++...                  (no boots)
Stlth    ++........             (no amulet)
HPRegen  1.16/turn              (no ring)
MPRegen  0.10/turn              (no ring)

@: lethally poisoned (-5 -> -5), regenerating
A: talons 2, thin skeletal structure 1, rot immunity
a: Berserk, Trog's Hand, Burn Spellbooks, Renounce Religion


You were on level 6 of the Dungeon.
You worshipped Trog.
Trog was pleased with you.
You were not hungry.

You visited 1 branch of the dungeon, and saw 6 of its levels.

You collected 240 gold pieces.

Inventory:

Hand Weapons
 a - a +0 falchion (weapon)
 b - a +0 hunting sling of velocity
Missiles
 o - 4 javelins (quivered)
 q - 21 sling bullets
Armour
 j - a +0 leather armour (worn)
Wands
 c - a wand of flame (42)
 m - a wand of polymorph (18)
Scrolls
 e - a scroll of enchant armour {unknown}
 g - a scroll of random uselessness {unknown}
 h - 5 scrolls of identify {unknown}
 i - 3 scrolls of teleportation {unknown}
 n - a scroll of blinking {unknown}
 p - 3 scrolls of fog {unknown}
 s - 3 scrolls of remove curse {unknown}
 w - 2 scrolls of fear {unknown}
 y - a scroll of enchant weapon {unknown}
Potions
 k - a potion of lignification
 l - 3 potions of curing {unknown}
 t - a potion of resistance {unknown}
 u - a potion of invisibility {unknown}
 v - a potion of berserk rage {unknown}
 x - a potion of flight {unknown}
 z - a potion of ambrosia {unknown}
Comestibles
 d - 14 fruits
 r - 4 meat rations


   Skills:
 + Level 4.2 Fighting
 * Level 4.7 Long Blades
 + Level 2.0 Slings
 + Level 3.1 Armour
 + Level 3.1 Dodging


You had 5 spell levels left.
You didn't know any spells.

Dungeon Overview and Level Annotations

Branches:
Dungeon (6/15)             Temple (0/1) D:5

Altars:
Ashenzari
Cheibriados
Elyvilon
Makhleb
Ru
Sif Muna
Zin

Annotations:
D:5 exclusion: downstairs


Innate Abilities, Weirdness & Mutations

You have razor-sharp toenails.
You have a somewhat thin skeletal structure. (Dex +2, Stealth)
You are immune to rotting.


Message History

Trog accepts your kill.
You feel sick. The leopard gecko misses you.
You riposte.
You hit the leopard gecko. Your kick misses the leopard gecko.
The leopard gecko is lightly wounded.
Your skin crawls.
You feel resistant to hostile enchantments.
You feel somewhat more hungry.
You feel sick. The leopard gecko bites you.
* * * LOW HITPOINT WARNING * * *
You're too hungry.
You slash the leopard gecko!
You kill the leopard gecko!
Trog accepts your kill.
You feel sick.
You feel sick. The iguana bites you.
* * * LOW HITPOINT WARNING * * *
You see here a leopard gecko corpse.
Okay, then.
You eat the royal jelly.
That royal jelly was delicious!
You feel sick. The iguana bites you!
You die...

#.# #......... #.#
#......... #.# #.........
##.#############.........
#................(.......
################..#+#....
####..# .. #.....###...
#...@.....<# #...l....!##
#.........+ #.........#
#........=# #.........#
#.........# #.........#


You could see an iguana.

Vanquished Creatures
  An ice beast (D:5)
  2 scorpions
  A bullfrog zombie (D:6)
  A hound (D:4)
  A bullfrog skeleton (D:4)
  2 iguanas
  2 worker ants
  3 adders
  An adder skeleton (D:5)
  A dart slug (D:1)
  3 leopard geckos
  3 ball pythons
  6 bats
  5 giant cockroaches
  8 hobgoblins
  3 jackals (D:1)
  5 kobolds
  2 quokkas
  4 frilled lizards
  4 goblins
  A leopard gecko skeleton (D:4)
  3 rats
62 creatures vanquished.

Notes
Turn   | Place    | Note
-------+----------+-------------------------------------------
     0 | D:1      | tof the Demonspawn Berserker began the quest for the Orb.
     0 | D:1      | Reached XP level 1. HP: 18/18 MP: 1/1
   181 | D:1      | Found a snail-covered altar of Cheibriados.
   319 | D:1      | Gained mutation: You are immune to rotting. [demonic ancestry]
   319 | D:1      | Reached XP level 2. HP: 23/24 MP: 2/2
  1067 | D:2      | Reached XP level 3. HP: 24/29 MP: 3/3
  1424 | D:2      | Reached ** piety under Trog
  2093 | D:3      | Found a glowing silver altar of Zin.
  2094 | D:3      | Noticed an angel
  2376 | D:3      | Found a faded altar of an unknown god.
  2755 | D:3      | Gained mutation: You have sharp toenails. [demonic ancestry]
  2755 | D:3      | Reached XP level 4. HP: 29/35 MP: 4/4
  2882 | D:3      | Found a sacrificial altar of Ru.
  3187 | D:4      | Reached skill level 1 in Slings
  3187 | D:4      | Gained mutation: You have razor-sharp toenails. [demonic ancestry]
  3187 | D:4      | Reached XP level 5. HP: 18/41 MP: 5/5
  3237 | D:4      | HP: 3/61 [poisoned by a scorpion]
  3243 | D:4      | HP: 3/61 [poisoned by a scorpion]
  4670 | D:4      | Found a faded altar of an unknown god.
  4670 | D:4      | Found a faded altar of an unknown god.
  4675 | D:4      | Found a shattered altar of Ashenzari.
  4677 | D:4      | Found a white marble altar of Elyvilon.
  4678 | D:4      | Found a burning altar of Makhleb.
  5091 | D:5      | Entered Level 5 of the Dungeon
  5172 | D:5      | Found a staircase to the Ecumenical Temple.
  5228 | D:5      | Gained mutation: You have a somewhat thin skeletal structure. (Dex +2, Stealth) [demonic ancestry]
  5228 | D:5      | Reached XP level 6. HP: 24/48 MP: 6/6
  5654 | D:5      | Found a deep blue altar of Sif Muna.
  5779 | D:5      | Noticed an ice beast
  5791 | D:5      | Killed an ice beast
  6225 | D:6      | Slain by an iguana

Vault maps used:
D:1:      saegor_arrival_simple_a, cheibriados_altar_1
D:2:      eino_tiny_chamber, corexii_leaking_fountain
D:3:      old_standard_altar, zin_angel, chequers_ecumenical_altar_simple_redux
D:4:      chequers_temple_overflow_minitemple, serial_co_window_serial,
          co_window_corner_a, co_window_corner_a, co_window_corner_a,
          co_window_cross_1, co_window_corner_a, co_window_paths_b,
          co_window_corner_a, co_window_of_opportunity_a, co_window_corner_a,
          co_window_cross_2, co_window_corner_b, co_window_2corner, first_bread,
          grunt_decor_fettered
D:5:      minmay_temple_entry_large_hall, tgw_sif
D:6:      serial_shops, nicolae_shop_statue_plus

Skill      XL: |  1  2  3  4  5  6 |
---------------+-------------------+-----
Long Blades    | 3 4 |  4.7
Armour         | 2 3 |  3.1
Dodging        | 2 3 |  3.1
Slings         | 1 2 |  2.0
Fighting       | 4 |  4.2

Action                   |  1- 3 |  4- 6 || total
-------------------------+-------+-------++-------
Melee: Falchion          |   152 |    81 ||   233
       Kick              |       |    29 ||    29
 Fire: Hunting sling     |     4 |       ||     4
Invok: Berserk           |     1 |     2 ||     3
       Trog's Hand       |       |     1 ||     1
  Use: Potion            |       |     3 ||     3
 Stab: Sleeping          |       |     2 ||     2
  Eat: Chunk             |     5 |     4 ||     9
       Bread ration      |       |     2 ||     2
       Royal jelly       |       |     1 ||     1
Armor: Animal skin       |    16 |       ||    16
       Leather armour    |    26 |     8 ||    34
Dodge: Dodged            |   118 |    47 ||   165
       Rpst.: Falchion   |    25 |    15 ||    40

Table legend:
 A = Spawn XP
 B = Non-spawn XP
 C = Spawn XP percentage of total XP
 D = Spawn monster count
 E = Non-spawn monster count
 F = Spawn count percentage of total count
 G = Total turns spent on level
                    A         B        C        D         E        F      G
               +---------+---------+-------+---------+---------+-------+---------
         Total |       0 |     669 |   0.0 |       0 |      62 |   0.0 |  6225
               +---------+---------+-------+---------+---------+-------+---------
           D:1 |       0 |      30 |   0.0 |       0 |      16 |   0.0 |  1018
           D:2 |       0 |      37 |   0.0 |       0 |      16 |   0.0 |   967
           D:3 |       0 |      60 |   0.0 |       0 |      14 |   0.0 |  1157
           D:4 |       0 |     228 |   0.0 |       0 |       7 |   0.0 |  1949
           D:5 |       0 |     232 |   0.0 |       0 |       6 |   0.0 |  1044
           D:6 |       0 |      82 |   0.0 |       0 |       3 |   0.0 |    90
               +---------+---------+-------+---------+---------+-------+---------
